 Dungeon Crawl Stone Soup version 0.19.1 (webtiles) character file.

471 esteth the Conjurer (level 6, -2/32 HPs)
             Began as a Deep Elf Conjurer on Dec 18, 2016.
             Shot with an arrow by a centaur (12 damage)
             ... on level 5 of the Dungeon.
             The game lasted 00:13:32 (5606 turns).

esteth the Conjurer (Deep Elf Conjurer)             Turns: 5606, Time: 00:13:33

Health: -2/32      AC:  2    Str:  5    XL:     6   Next: 83%
Magic:  1/17       EV: 13    Int: 22    God:
Gold:   189        SH:  0    Dex: 15    Spells: 3 memorised, 7 levels left

rFire  + . .     SeeInvis .     (no weapon)
rCold  . . .     Gourm    .     a - +0 robe
rNeg   . . .     Faith    .     (no shield)
rPois  .         Spirit   .     (no helmet)
rElec  .         Reflect  .     (no cloak)
rCorr  .         Harm     .     (no gloves)
MR     .....                    (no boots)
Stlth  +.........               (no amulet)
                                (no ring)
                                s - ring of protection from fire

@: slightly contaminated, glowing
A: no striking features
a: no special abilities


You were on level 5 of the Dungeon.
You were hungry.

You visited 1 branch of the dungeon, and saw 5 of its levels.

You collected 189 gold pieces.

Inventory:

Armour
 a - a +0 robe (worn)
Rods
 y - a +0 rod of shadows (13/13)
   (You found it on level 4 of the Dungeon)
Jewellery
 s - a ring of protection from fire (left hand)
Wands
 D - a wand of confusion (17/48)
Scrolls
 e - 4 scrolls of identify
 f - a scroll of random uselessness {unknown}
 h - a scroll of amnesia
 k - 10 scrolls of remove curse
 m - a scroll of magic mapping {unknown}
 n - a scroll of fear {unknown}
 t - 2 scrolls of enchant armour {unknown}
 w - a scroll of immolation {unknown}
 x - a scroll of fog
 C - a scroll of blinking {unknown}
Potions
 d - 2 potions of heal wounds
 i - 2 potions of might {unknown}
 j - a potion of magic {unknown}
 o - a potion of agility {unknown}
 p - 2 potions of cancellation {unknown}
 r - 2 potions of brilliance {unknown}
 u - a potion of haste {unknown}
 z - a potion of cure mutation {unknown}
 A - a potion of lignification {unknown}
Books
 b - a book of Conjurations

   Spells                             Type                      Level
   a - Magic Dart                     Conjuration                  1
   b - Searing Ray                    Conjuration                  2
   c - Dazzling Spray                 Conjuration/Hexes            3
   d - Fulminant Prism                Conjuration/Hexes            4
   e - Iskenderun's Mystic Blast      Conjuration                  4
   f - Iskenderun's Battlesphere      Conjuration/Charms           5
Comestibles
 c - 3 bread rations
 g - 2 chunks of flesh
 l - 5 fruits
 q - a beef jerky
 v - 2 meat rations


   Skills:
 - Level 2.4 Dodging
 - Level 2.4 Stealth
 + Level 6.4 Spellcasting
 + Level 6.7 Conjurations
 * Level 4.5 Charms


You had 7 spell levels left.
You knew the following spells:

 Your Spells              Type           Power        Failure   Level  Hunger
a - Magic Dart            Conj           ####         1%          1    None
b - Iskenderun's Mystic   Conj           #####...     8%          4    ###....
c - Iskenderun's Battles  Conj/Chrm      ####....     28%         5    #####..


Dungeon Overview and Level Annotations

Branches:
Dungeon (5/15)
 Temple: D:4-7

Altars:

Annotations:
D:3 Philosophy's ghost, amateur FoFi
D:4 exclusion: ogre, Philosophy's ghost, amateur FoFi


Message History

Casting: Magic Dart
Confirm with . or Enter, or press ? or * to list all spells.
You miscast Iskenderun's Battlesphere.
You are very lightly contaminated with residual magic.
You are outlined in light.
Casting: Iskenderun's Battlesphere
Confirm with . or Enter, or press ? or * to list all spells.
You miscast Iskenderun's Battlesphere.
You are caught in a violent explosion!
The explosion engulfs you!
Ouch! That really hurt!
* * * LOW HITPOINT WARNING * * *
Casting: Iskenderun's Battlesphere
Confirm with . or Enter, or press ? or * to list all spells.
You miscast Iskenderun's Battlesphere.
You are lightly contaminated with residual magic.
Nothing appears to happen.
You are feeling hungry.
The centaur wields a runed shortbow.
The centaur shoots an arrow.
The arrow hits you!
You die...

..# ### #># #.. #.# #.#
###### #.# #.# ##....#
#.# #.# #.###.###.# #.#
#.........# #.#
#.###.###.# #.#
#@........# #..
#.........# ###
......c.........# #
.........###...#########
........................
.........###....########
.......#.# ##...# #
#.....# ........# #
##...# #######.# #


You could see a centaur.

Vanquished Creatures
  An ogre (D:4)
  2 orc wizards
  An iguana (D:4)
  Natasha (thrice) (D:2 D:3)
  3 worker ants (D:4)
  7 adders
  An ooze (D:5)
  A worm (D:3)
  2 dart slugs (D:2)
  2 leopard geckos
  7 orcs
  12 bats
  4 giant cockroaches
  7 goblins
  7 hobgoblins
  7 jackals
  3 quokkas
  6 frilled lizards
  5 kobolds
  4 rats
85 creatures vanquished.

Notes
Turn   | Place    | Note
-------+----------+-------------------------------------------
     0 | D:1      | esteth the Deep Elf Conjurer began the quest for the Orb.
     0 | D:1      | Reached XP level 1. HP: 10/10 MP: 6/6
   324 | D:1      | Reached XP level 2. HP: 15/15 MP: 5/8
   910 | D:2      | Reached skill level 5 in Conjurations
  1164 | D:2      | Reached XP level 3. HP: 19/19 MP: 7/10
  1165 | D:2      | Noticed Natasha
  1168 | D:2      | Killed Natasha
  1523 | D:2      | Reached XP level 4. HP: 24/24 MP: 2/12
  2178 | D:3      | Learned a level 4 spell: Iskenderun's Mystic Blast
  2185 | D:3      | Noticed Philosophy's ghost (amateur FoFi)
  2319 | D:3      | Reached skill level 5 in Spellcasting
  2393 | D:3      | Noticed Natasha
  2397 | D:3      | Killed Natasha
  2397 | D:3      | Reached XP level 5. HP: 25/28 MP: 9/14
  2727 | D:2      | Learned a level 5 spell: Iskenderun's Battlesphere
  3078 | D:4      | Noticed an ogre
  3264 | D:4      | Reached skill level 1 in Charms
  3530 | D:4      | Identified a +0 rod of shadows (13/13) (You found it on level 4 of the Dungeon)
  3659 | D:4      | Reached XP level 6. HP: 32/32 MP: 7/16
  4090 | D:4      | Noticed Philosophy's ghost (amateur FoFi)
  4318 | D:3      | Noticed Natasha
  4327 | D:3      | Killed Natasha
  5507 | D:5      | Entered Level 5 of the Dungeon
  5606 | D:5      | Shot with an arrow by a centaur

Skill      XL: |  1  2  3  4  5  6 |
---------------+-------------------+-----
Conjurations   | 5 6 |  6.7
Spellcasting   | 4 5 6 |  6.4
Charms         | 2 4 |  4.5
Dodging        | |  2.4
Stealth        | |  2.4

Action                   |  1- 3 |  4- 6 || total
-------------------------+-------+-------++-------
Melee: Unarmed           |       |     3 ||     3
 Cast: Magic Dart        |    61 |   147 ||   208
       Iskenderun's Myst |       |     7 ||     7
       Iskenderun's Batt |       |     1 ||     1
Evoke: Wand              |       |     4 ||     4
  Use: Scroll            |     5 |     1 ||     6
  Eat: Bread ration      |       |     2 ||     2
       Chunk             |       |     5 ||     5
       Pizza             |       |     1 ||     1
Armor: Robe              |     1 |    11 ||    12
Dodge: Dodged            |     4 |    37 ||    41
